 Dungeon Crawl Stone Soup version 0.17.0-23-g0de4337 (webtiles) character file.

1807 timbw the Cleaver (level 9, 0/43 HPs)
             Began as a Vine Stalker Berserker on Nov 13, 2015.
             Was a Believer of Trog.
             Succumbed to a spiny frog's poison
             ... on level 2 of the Lair of Beasts.
             The game lasted 00:06:02 (1095 turns).

timbw the Cleaver (Vine Stalker Berserker)          Turns: 1095, Time: 00:06:02

Health: 0/43       AC: 18    Str: 26    XL:     9   Next: 9%
Magic:  0/10       EV:  7    Int:  7    God:    Trog [**....]
Gold:   141        SH:  0    Dex: 14    Spells: 0 memorised, 8 levels left

rFire  . . .     SeeInvis .     a - +0 hand axe
rCold  . . .     Clarity  .     g - +1 plate armour
rNeg   . . .     SustAt   .     (no shield)
rPois  +         Gourm    .     p - +0 helmet
rElec  .         Spirit   +     w - +0 cloak
rCorr  .         Warding  .     l - +2 pair of gloves
rMut   .         Stasis   .     (no boots)
MR     +++..                    (no amulet)
Stlth  ..........               v - +2 ring of protection
                                t - ring "Ucval" {rPois Str+3}

@: lethally poisoned (0 -> -2), exhausted, regenerating, extremely resistant to
hostile enchantments, extremely unstealthy
A: fangs 3, regeneration 2, magic shield, antimagic bite, no device heal 3, rot
immunity
a: Berserk, Trog's Hand, Burn Spellbooks, Renounce Religion


You were on level 2 of the Lair of Beasts.
You worshipped Trog.
Trog was pleased with you.
You were hungry.

You visited 2 branches of the dungeon, and saw 10 of its levels.

You collected 141 gold pieces.

Inventory:

Hand Weapons
 a - a +0 hand axe (weapon)
Armour
 b - a +0 animal skin
 g - a +1 plate armour (worn)
 l - a +2 pair of gloves (worn)
 m - a +0 ring mail
 p - a +0 helmet (worn)
 s - a +0 cloak
 w - a +0 cloak (worn)
Jewellery
 t - the ring "Ucval" (left hand) {rPois Str+3}
   (You found it on level 5 of the Dungeon)

   [ring of poison resistance]

   It affects your strength (+3).
   It protects you from poison.
 v - a +2 ring of protection (right hand)
Wands
 o - a wand of slowing (14)
 q - a wand of disintegration (2)
 x - a wand of lightning (6)
Scrolls
 d - 3 scrolls of enchant armour
 f - 3 scrolls of immolation
 h - 3 scrolls of remove curse {unknown}
 y - a scroll of acquirement {unknown}
Potions
 e - a potion of flight {unknown}
 i - 3 potions of haste {unknown}
 j - a potion of cancellation {unknown}
 n - a potion of poison {unknown}
 r - a potion of might {unknown}
 u - 2 potions of lignification {unknown}
 A - a potion of heal wounds {unknown}
Comestibles
 c - 2 bread rations
 k - 2 meat rations


   Skills:
 - Level 2.6 Fighting
 * Level 10.8 Axes
 - Level 1.5 Armour
 - Level 1.5 Dodging


You had 8 spell levels left.
You didn't know any spells.

Dungeon Overview and Level Annotations

Branches:
Dungeon (8/15)               Lair (2/8) D:8
 Temple: D:4-7

Altars:

Annotations:
Lair:2 Sonja


Innate Abilities, Weirdness & Mutations

You have razor-sharp teeth.
You heal very quickly.
When hurt, damage is shared between your health and your magic reserves.
Your bite disrupts and absorbs the magic of your enemies.
Potions and wands cannot restore your health.
You are immune to rotting.


Message History

The giant frog hits you but does no damage.
The spiny frog stings you!
* * * LOW HITPOINT WARNING * * *
Read which item? (? for menu, Esc to quit)
As you read the scroll labeled QOUDAD HEITU, it crumbles to dust.
It is a scroll of enchant armour.
Enchant which item? (? for menu, Esc to quit)
Your +0 plate armour glows green for a moment.
You feel sick. The giant frog barely misses you.
The giant frog hits you but does no damage.
The spiny frog stings you.
* * * LOW HITPOINT WARNING * * *
You are lethally poisoned!
The spiny frog poisons you!
Read which item? (? for menu, Esc to quit)
As you read the scroll labeled WUADIRCHISIO, it crumbles to dust.
The creatures around you are filled with an inner flame!
It was a scroll of immolation.
You feel yourself speed up.
You die...

#...........#
## #..........#
...+..........#
...#..........#
..#.....<.....#
#............##
###....[......#
#...........##
###...@F.....##
#......F......#
#..#####.'#####
....... ##.#
....)P.###.##
≈......#...#
≈≈........##
≈≈≈≈..###.P#
≈≈≈≈. #.$#


You could see a spiny frog (inner flame) and a giant frog (inner flame).

Vanquished Creatures
  Pikel (D:7)
  Psyche (D:8)
  A water moccasin (Lair:1)
  A porcupine (Lair:1)
  A slave (D:7)
  3 ogres
  A crocodile (Lair:2)
  2 giant frogs
  A scorpion (D:5)
  A crimson imp (D:7)
  2 giant frog skeletons
  2 orc wizards (D:8)
  A worker ant (D:5)
  2 iguanas
  A hound zombie (D:8)
  Robin (D:4)
  2 adders
  3 gnolls (D:6)
  A giant gecko (D:3)
  8 orcs
  2 giant cockroaches
  5 hobgoblins
  2 kobolds
  3 bats
  A giant newt (D:3)
  8 goblins
  3 jackals (D:5)
  2 quokkas
  A rat (D:1)
63 creatures vanquished.

Notes
Turn   | Place    | Note
--------------------------------------------------------------
     0 | D:1      | timbw the Vine Stalker Berserker began the quest for the Orb.
     0 | D:1      | Reached XP level 1. HP: 11/11 MP: 2/2
    44 | D:1      | Reached skill level 3 in Axes
    77 | D:2      | Reached XP level 2. HP: 13/16 MP: 3/3
   223 | D:3      | Reached XP level 3. HP: 7/19 MP: 4/4
   381 | D:4      | Noticed Robin
   391 | D:4      | Killed Robin
   391 | D:4      | Reached skill level 4 in Axes
   400 | D:4      | Reached ** piety under Trog
   534 | D:5      | Entered Level 5 of the Dungeon
   534 | D:5      | Noticed a scorpion
   545 | D:5      | Killed a scorpion
   545 | D:5      | Reached XP level 4. HP: 23/23 MP: 5/5
   588 | D:5      | Noticed an ogre
   627 | D:5      | Reached skill level 5 in Axes
   627 | D:5      | Reached XP level 5. HP: 10/27 MP: 6/6
   629 | D:5      | Killed an ogre
   629 | D:5      | Reached skill level 6 in Axes
   629 | D:5      | Gained mutation: You heal very quickly. [Vine Stalker growth]
   629 | D:5      | Reached XP level 6. HP: 13/32 MP: 7/7
   650 | D:5      | HP: 1/32 [iguana (7)]
   681 | D:5      | Got a warped granite ring
   683 | D:5      | Identified the ring "Ucval" {rPois Str+3} (You found it on level 5 of the Dungeon)
   828 | D:7      | Noticed Pikel
   835 | D:7      | Reached skill level 7 in Axes
   835 | D:7      | Reached XP level 7. HP: 35/35 MP: 6/8
   845 | D:7      | Killed Pikel
   845 | D:7      | Reached skill level 8 in Axes
   845 | D:7      | Gained mutation: You have razor-sharp teeth. [Vine Stalker growth]
   845 | D:7      | Reached XP level 8. HP: 39/39 MP: 9/9
   919 | D:8      | Noticed Psyche
   920 | D:8      | Found a staircase to the Lair.
   929 | D:8      | Killed Psyche
   929 | D:8      | Reached skill level 9 in Axes
   951 | D:8      | Reached skill level 10 in Axes
   966 | Lair:1   | Entered Level 1 of the Lair of Beasts
  1045 | Lair:1   | Reached XP level 9. HP: 40/43 MP: 10/10
  1082 | Lair:2   | Noticed a spiny frog
  1083 | Lair:2   | Noticed Sonja
  1094 | Lair:2   | HP: 1/43 [spiny frog (3)]
  1095 | Lair:2   | Succumbed to a spiny frog's poison

Action                   |  1- 3 |  4- 6 |  7- 9 || total
-------------------------+-------+-------+-------++-------
Melee: Hand axe          |    77 |    62 |    48 ||   187
Invok: Berserk           |     3 |     3 |     2 ||     8
       Trog's Hand       |       |     1 |     1 ||     2
Evoke: Wand              |       |     1 |     1 ||     2
  Use: Scroll            |       |       |     2 ||     2
 Stab: Sleeping          |     1 |     1 |       ||     2
  Eat: Bread ration      |     1 |       |       ||     1
       Beef jerky        |       |     1 |       ||     1
       Chunk             |       |       |     3 ||     3
